 Dungeon Crawl Stone Soup version 0.28.0-53-g5a82cb258f (console) character file.

Game seed: 9368598638800511101

197245 erker the Stormcaller (level 18, 0/110 HPs)
             Began as an Octopode Earth Elementalist on July 24, 2022.
             Was a High Priest of Makhleb.
             Killed from afar by Nikola (49 damage)
             ... with an arc of chain lightning
             ... on level 1 of the Spider Nest on July 26, 2022.
             The game lasted 04:05:10 (35346 turns).

erker the Stormcaller (OpEE)                       Turns: 35346, Time: 04:05:11

Health: 0/110      AC: 28    Str: 13    XL:     18   Next: 40%
Magic:  35/43      EV: 35    Int: 40    God:    Makhleb [*****.]
Gold:   1987       SH:  0    Dex: 19    Spells: 21/41 levels left

rFire   . . .      SeeInvis .     - Unarmed
rCold   . . .      Faith    .   (shield currently unavailable)
rNeg    . . .      Spirit   .   (helmet currently unavailable)
rPois   ∞          Reflect  .   X - amulet of magic regeneration
rElec   +          Harm     .   c - ring "Itimufoth" {Fly Will+++ MP+9 Str-5 Int+6}
rCorr   +          Rampage  .   d - ring "Weman" {EV+4 Str+7}
Will    ++++.                   e - ring "Yffudghigh" {Str-2 Int+9 Dex+6}
Stlth   +++++.....              J - +6 ring of strength
HPRegen 0.28/turn               R - +4 ring of protection
MPRegen 0.68/turn               M - +4 ring of protection
                                T - +4 ring of evasion
                                N - ring of resist corrosion

@: storm-form, blinkbolt cooldown, flying, very slightly contaminated, studying
Short Blades
A: cleaving, flying, almost no armour, amphibious, 8 rings, (camouflage 1),
(gelatinous body 1), (nimble swimmer 1), (tentacles)
}: 1/15 runes: decaying
a: Blinkbolt, End Transformation, Renounce Religion, Minor Destruction, Lesser
Servant of Makhleb, Major Destruction, Greater Servant of Makhleb


You were on level 1 of the Spider Nest.
You worshipped Makhleb.
Makhleb was extremely pleased with you.
You were a lightning-filled tempest!
You visited 6 branches of the dungeon, and saw 29 of its levels.
You visited the Abyss 1 time.
You also visited: Ice Cave.

You collected 9320 gold pieces.
You spent 4203 gold pieces at shops.
You paid 3130 gold pieces to Gozag.

Inventory:

Hand Weapons
 a - the +7 dagger "Uxzayma" (melded) {freeze, Will++}
   (You found it on level 5 of the Dungeon)

   It freezes those it strikes, dealing additional cold damage.
   It can also slow down cold-blooded creatures.
   Will:      It greatly increases your willpower.
 b - a +2 rapier of freezing
Missiles
 u - 39 poisoned darts (quivered)
 w - 370 stones
 D - 2 throwing nets
 E - 8 curare-tipped darts
 I - 6 atropa-tipped darts
 Z - 4 datura-tipped darts
Armour
 F - the +3 crown of Dyrovepreva (melded) {rElec Int+2 SInv}
   (You acquired it on level 5 of the Lair of Beasts)

   Int:       It affects your intelligence (+2).
   rElec:     It insulates you from electricity.
   SInv:      It lets you see invisible.
 S - a +2 buckler (melded)
Jewellery
 c - the ring "Itimufoth" (left fist) {Fly Will+++ MP+9 Str-5 Int+6}
   (You bought it in a shop on level 15 of the Dungeon)

   [ring of intelligence]

   Str:       It affects your strength (-5).
   Int:       It affects your intelligence (+6).
   MP:        It affects your magic capacity (+9).
   Fly:       It grants you flight.
   Will:      It greatly increases your willpower.
 d - the ring "Weman" (right fist) {EV+4 Str+7}
   (You bought it in a shop on level 15 of the Dungeon)

   [ring of evasion]

   EV:        It affects your evasion (+4).
   Str:       It affects your strength (+7).
 e - the ring "Yffudghigh" (on tentacle) {Str-2 Int+9 Dex+6}
   (You bought it in a shop on level 15 of the Dungeon)

   [ring of dexterity]

   Str:       It affects your strength (-2).
   Int:       It affects your intelligence (+9).
   Dex:       It affects your dexterity (+6).
 g - the ring of Ezuufagu {Fire +Blink Dex+6 Stlth-}
   (You found it on level 2 of the Swamp)

   [ring of fire]

   It enhances your fire magic.
   Dex:       It affects your dexterity (+6).
   rF:        It protects you from fire.
   rC:        It makes you vulnerable to cold.
   +Blink:    It lets you blink.
   Stlth:     It makes you less stealthy.
 h - an amulet of regeneration
 l - a ring of protection from fire
 o - a ring of poison resistance
 J - a +6 ring of strength (on tentacle)
 M - a +4 ring of protection (on tentacle)
 N - a ring of resist corrosion (on tentacle)
 R - a +4 ring of protection (on tentacle)
 T - a +4 ring of evasion (on tentacle)
 X - an amulet of magic regeneration (around neck)
Wands
 s - a wand of charming (6)
 z - a wand of paralysis (23)
 A - a wand of acid (1)
 B - a wand of digging (5)
 U - a wand of mindburst (25)
Scrolls
 j - 4 scrolls of fog
 n - 2 scrolls of magic mapping
 q - a scroll of holy word
 r - 15 scrolls of identify
 t - 7 scrolls of teleportation
 x - a scroll of blinking
 y - 3 scrolls of fear
 L - 4 scrolls of enchant armour
 P - 2 scrolls of enchant weapon
 V - a scroll of vulnerability
Potions
 f - 16 potions of curing
 i - 2 potions of magic
 k - 7 potions of might
 m - 3 potions of haste
 p - 2 potions of ambrosia
 v - 4 potions of attraction
 C - 6 potions of mutation
 H - a potion of berserk rage
 O - a potion of resistance
 Q - 4 potions of heal wounds
 Y - a potion of invisibility
Miscellaneous
 G - a lightning rod (4/4)
 K - a box of beasts
 W - a condenser vane


   Skills:
 + Level 6.0 Fighting
 - Level 4.0 Short Blades
 + Level 8.0 Dodging
 + Level 10.0 Stealth
 + Level 11.0 Unarmed Combat
 - Level 12.0 Spellcasting
 + Level 10.0 Conjurations
 - Level 4.0 Necromancy
 + Level 14.0 Transmutations
 - Level 16.0 Air Magic
 - Level 12.0 Earth Magic


You had 21 spell levels left.
You knew the following spells:

 Your Spells              Type           Power      Damage    Failure   Level
b - Sublimation of Blood  Necr           54%        N/A       1%          2
i - Irradiate             Conj/Tmut      44%        3d28      1%          5
p - Petrify               Tmut/Erth      91%        N/A       1%          4
v - Storm Form            Tmut/Air       48%        N/A       2%          7
w - Passwall              Tmut/Erth      75%        N/A       0%          2

Your spell library contained the following spells:

 Spells                   Type           Power      Damage    Failure   Level
 Sandblast                Erth           100%       2d20      0%          1
 Shock                    Conj/Air       100%       1d9       0%          1
 Swiftness                Air            100%       N/A       0%          3
 Corpse Rot               Necr/Air       100%       N/A       1%          2
 Stone Arrow              Conj/Erth      100%       3d13      1%          3
 Airstrike                Air            50%        N/A       1%          4
 Flame Wave               Conj/Fire      59%        2d11      1%          4
 Summon Lightning Spire   Summ/Air       73%        N/A       1%          4
 Borgnjor's Vile Clutch   Necr/Erth      36%        N/A       1%          5
 Iskenderun's Battlesphe  Conj           81%        2d13      1%          5
 Statue Form              Tmut/Erth      60%        N/A       1%          6
 Ensorcelled Hibernation  Hex/Ice        48%        N/A       2%          2
 Scorch                   Fire           48%        2d7       2%          2
 Animate Dead             Necr           27%        N/A       2%          4
 Dispel Undead            Necr           54%        3d20      2%          4
 Iron Shot                Conj/Erth      42%        9d8       2%          6
 Gell's Gravitas          Tloc           24%        N/A       4%          3
 Inner Flame              Hex/Fire       24%        N/A       4%          3
 Lesser Beckoning         Tloc           24%        N/A       4%          3
 Teleport Other           Tloc           24%        N/A       4%          3
 Eringya's Noxious Bog    Tmut/Pois      34%        N/A       12%         6
 Maxwell's Capacitive Co  Air            50%        ∞         13%         8
 Cause Fear               Hex            12%        N/A       14%         4
 Summon Ice Beast         Ice/Summ       24%        N/A       14%         4
 Metabolic Englaciation   Hex/Ice        12%        N/A       36%         5
 Summon Mana Viper        Hex/Summ       24%        N/A       36%         5
 Death Channel            Necr           27%        N/A       38%         6
 Simulacrum               Ice/Necr       20%        N/A       67%         6
 Lehudib's Crystal Spear  Conj/Erth      42%        10d10     71%         8
 Spellforged Servitor     Conj/Summ      29%        N/A       83%         7
 Dispersal                Tloc           12%        N/A       91%         6
 Summon Cactus Giant      Summ           12%        N/A       91%         6
 Monstrous Menagerie      Summ           12%        N/A       100%        7
 Discord                  Hex            12%        N/A       100%        8
 Animate Armour           Summ/Erth      Unusable   N/A       N/A         4

Dungeon Overview and Level Annotations

Branches:
Dungeon (15/15)            Temple (1/1) D:6            Lair (6/6) D:9
  Swamp (4/4) Lair:3       Spider (1/4) Lair:4        Slime (0/5) Lair:6
    Orc (2/2) D:10            Elf (0/3) Orc:2        Vaults (0/5) D:13
 Depths (0/4) D:15          IceCv (visited)

Altars:
Ashenzari
Cheibriados
Dithmenos
Elyvilon
Fedhas
Gozag
Hepliaklqana
Kikubaaqudgha
Makhleb
Nemelex Xobeh
Okawaru
Ru
Sif Muna
Trog
Uskayaw
Vehumet
Wu Jian
Xom
Zin
The Shining One
Beogh
Jiyva
Lugonu

Shops:
D:2 ?   D:9 (   D:11 *   D:12 **   D:15 !=*   Orc:2 *!?[

Portals:
Abyss: Lair:6

Annotations:
D:3 1 runed translucent door, Crazy Yiuf, Grinder, Sigmund, Terence
D:4 2 transporters, NiggerDarts's ghost, amateur OpAE
D:6 exclusion: manticore
D:11 exclusion: kobold demonologist, Erolcha; Snorg
Lair:2 Ginau's ghost, journeyman TrGl
Spider:1 Nikola


Innate Abilities, Weirdness & Mutations

You are a lightning-filled tempest!
Your electrical attacks strike out in all directions at once.
You are incredibly evasive.
You are flying.
You are immune to poison.
Your armour is entirely melded.
You are incapable of wielding weapons or throwing items.
You cannot wear most types of armour.
You are amphibious.
You can wear up to eight rings at the same time.
((Your skin changes colour to match your surroundings (Stealth+).))
((Your rubbery body absorbs attacks. (AC +1, EV +1)))
((You are camouflaged when in or above water. (Stealth+)))
((You have tentacles for arms and can constrict up to eight enemies at once.))


Message History

A bolt of lightning appears from out of thin air!
The bolt of lightning hits Nikola.
The bolt of lightning hits the redback!!!
The redback dies!
The bolt of lightning hits the wolf spider!!
The bolt of lightning hits the tarantella!!
You hear a shout!
Casting: Petrify (safe; 1% risk of failure)
Confirm with . or Enter, or press ? or * to list all spells.
You erupt in a fountain of uncontrolled magic!
The wolf spider is blasted with magical radiation!!!
You kill the wolf spider!
Makhleb accepts your kill.
The tarantella is blasted with magical radiation!!!
You kill the tarantella!
Makhleb accepts your kill.
You feel better.
Nikola is blasted with magical radiation!!!
Nikola is heavily wounded.
Nikola twists and deforms.
You are very lightly contaminated with residual magic.
Nikola closely misses you. Nikola casts a spell at you.
The bolt of lightning misses you.
Casting: Irradiate (mildly dangerous; 1% risk of failure)
Confirm with . or Enter, or press ? or * to list all spells.
You erupt in a fountain of uncontrolled magic!
Nikola is blasted with magical radiation!!!
Nikola is severely wounded.
Nikola twists and deforms.
Nikola hits you with a +3 rapier of electrocution.
You are too injured to fight recklessly!
You are too injured to fight recklessly!
You are too injured to fight recklessly!
You batter Nikola!!
Nikola is severely wounded.
Nikola casts a spell.
Lightning arcs from Nikola's hands!
The bolt of lightning hits you!!! You resist.
You die...

..# ### .^# ##..
..#### #...###.....
......#..#
#.).....##..
#...@†......
##..v...# #....#..#
#....#†.# ..# .....
..#.......####..##
......
.................#
......
#......>...##...##
..#...
............##....#
.....
......#..........#
...#
..............#.#


You could see Nikola (misshapen).

Vanquished Creatures
  Jorgrun (Spider:1)
  2 tentacled monstrosities
  Rupert (Lair:5)
  A thorn hunter (Swamp:4)
  Frances (Swamp:1)
  Kirke (Lair:4)
  An emperor scorpion (Spider:1)
  An orc warlord (Orc:2)
  3 ghouls (Swamp:4)
  A stone giant (D:15)
  The ghost of Vack the Unseen, a journeyman NaFi of Okawaru (Lair:3)
  Azrael (Spider:1)
  A green draconian (Abyss:1)
  3 eleionomae
  8 bunyips
  An entropy weaver (Spider:1)
  A spark wasp (Spider:1)
  2 green deaths (Swamp:4)
  A shambling mangrove (Swamp:2)
  Josephine (D:15)
  4 vault guards (D:13)
  17 hydras
  4 boulder beetles
  A spriggan air mage (Swamp:2)
  An ogre mage (D:15)
  A jorogumo (Spider:1)
  2 ghost crabs (Swamp:4)
  6 centaur warriors
  3 catoblepae
  2 death knights (D:13)
  6 two-headed ogres
  5 alligators
  3 death yaks
  6 tengu warriors
  8 thrashing horrors
  4 orc high priests (Orc:2)
  Sonja (D:12)
  A soul eater (Abyss:1)
  A wretched star (Abyss:1)
  A sun moth (Spider:1)
  6 goliath frogs
  7 skeletal warriors
  A sea snake (shapeshifter) (Lair:6)
  A death drake (Swamp:2)
  7 swamp dragons
  3 spriggan druids
  9 bog bodies
  A wizard (D:15)
  A phantasmal warrior (D:13)
  7 orc knights
  3 orc sorcerers (Orc:2)
  6 wolf spiders (Spider:1)
  2 deep elf pyromancers
  7 manticores
  31 ugly things
  3 will-o-the-wisps
  10 cyclopes
  9 elephants
  4 black mambas
  2 torpor snails
  2 ice statues (IceCv)
  2 smoke demons (Lair:6)
  7 orange demons
  13 cane toads
  2 unseen horrors
  2 rime drakes
  An unseen horror (shapeshifter) (D:15)
  8 komodo dragons
  An efreet (D:13)
  3 freezing wraiths
  2 kobold demonologists
  2 ice devils (Lair:5)
  2 ancient zymes (Lair:6)
  A troll (shapeshifter) (D:13)
  11 trolls
  A polar bear (Lair:4)
  7 meliai
  13 tyrant leeches
  34 slime creatures
  3 raiju (Abyss:1)
  9 hornets
  A bloated husk (Swamp:1)
  3 tarantellas (Spider:1)
  15 blink frogs
  9 jumping spiders
  4 culicivoras (Spider:1)
  8 spriggans
  A vampire (D:12)
  5 hogs (Lair:4)
  5 shadows
  5 fire elementals (Spider:1)
  2 chaos spawn (Lair:6)
  3 large abominations
  A neqoxec (Abyss:1)
  3 steam dragons
  8 wraiths
  42 yaks
  19 vampire mosquitoes
  7 basilisks
  A golden eye (shapeshifter) (Lair:6)
  17 redbacks (Spider:1)
  18 swamp worms
  7 acid dragons
  2 death yak simulacra (IceCv)
  6 wargs (Orc:2)
  3 hell hounds (Spider:1)
  12 water moccasins
  5 swamp drakes (Swamp:2)
  41 orc warriors
  A sky beast (D:7)
  An ice beast (D:5)
  A necrophage (Swamp:4)
  2 black bears
  15 wolves
  15 ogres
  A phantom (D:5)
  14 centaurs
  3 kobold brigands (D:12)
  14 small abominations
  6 bullfrogs
  A cane toad simulacrum (IceCv)
  A gnoll sergeant (D:7)
  7 scorpions
  A wyvern skeleton (D:7)
  11 killer bees
  16 wights
  2 electric eels (Lair:2)
  5 howler monkeys
  A bullfrog zombie (D:6)
  2 centaur zombies
  2 jellies
  41 orc priests
  A gnoll shaman (D:6)
  2 bullfrog skeletons
  3 iguanas
  25 orc wizards
  A polar bear simulacrum (IceCv)
  2 hell rats (Lair:2)
  A wolf simulacrum (IceCv)
  A hound skeleton (D:4)
  16 gnolls
  A howler monkey skeleton (D:4)
  12 river rats (Lair:2)
  10 adders
  A shadow imp (D:6)
  2 white imps
  An ufetubus (D:5)
  A worm (D:2)
  3 dart slugs
  139 orcs
  2 ball pythons
  6 endoplasms
  3 giant cockroaches
  5 hobgoblins
  4 jackals (D:4)
  4 quokkas
  3 bats
  3 frilled lizards
  4 goblins
  11 kobolds
  2 rats
1041 creatures vanquished.

Vanquished Creatures (collateral kills)
  A blink frog (Lair:6)
1 creature vanquished.

Vanquished Creatures (others)
  2 bloated husks
  A redback (Spider:1)
  3 bushes
  2 foxfires (Swamp:1)
  43 fungi
  89 plants
140 creatures vanquished.

Grand Total: 1182 creatures vanquished

Notes
Turn   | Place    | Note
-------+----------+-------------------------------------------
     0 | D:1      | erker the Octopode Earth Elementalist began the quest for
                  | the Orb.
     0 | D:1      | Reached XP level 1. HP: 11/11 MP: 3/3
   305 | D:1      | Reached XP level 2. HP: 17/17 MP: 3/5
  1439 | D:2      | Reached XP level 3. HP: 22/22 MP: 6/6
  1520 | D:2      | Found Cyfix's Magic Scroll Boutique.
  1593 | D:2      | Reached skill level 1 in Fighting
  1593 | D:2      | Reached skill level 1 in Short Blades
  2411 | D:3      | Reached XP level 4. HP: 8/28 MP: 5/7
  2561 | D:3      | Found a broken altar of Ashenzari.
  2588 | D:3      | Found a sparkling altar of Nemelex Xobeh.
  2691 | D:3      | Noticed Grinder
  2752 | D:2      | Learned a level 2 spell: Passwall
  2757 | D:2      | Learned a level 4 spell: Petrify
  2881 | D:3      | Found a runed translucent door.
  2882 | D:3      | Noticed Crazy Yiuf
  2906 | D:3      | Noticed Sigmund
  3205 | D:3      | Found a white marble altar of Elyvilon.
  3369 | D:3      | Noticed Terence
  3432 | D:4      | Reached XP level 5. HP: 34/34 MP: 8/8
  3538 | D:4      | Found a transporter.
  3538 | D:4      | Noticed NiggerDarts's ghost (amateur OpAE)
  3543 | D:4      | Found a transporter.
  3548 | D:4      | Noticed an ogre
  3973 | D:4      | Reached XP level 6. HP: 30/39 MP: 1/9
  4945 | D:5      | Entered Level 5 of the Dungeon
  5040 | D:5      | Reached skill level 5 in Earth Magic
  5062 | D:5      | Reached XP level 7. HP: 35/45 MP: 0/10
  5084 | D:5      | Found a glowing golden altar of the Shining One.
  5664 | D:5      | Reached skill level 5 in Transmutations
  5742 | D:5      | Reached XP level 8. HP: 50/50 MP: 7/11
  5910 | D:5      | Identified the +7 dagger "Uxzayma" {freeze, Will++}
  7267 | D:6      | Noticed a manticore
  7449 | D:6      | Found a sacrificial altar of Ru.
  7567 | D:6      | Found a staircase to the Ecumenical Temple.
  7581 | Temple   | Entered the Ecumenical Temple
  7735 | Temple   | Became a worshipper of Gozag Ym Sagoz the Greedy
  7778 | D:7      | Reached XP level 9. HP: 54/54 MP: 11/15
  7844 | D:7      | Found a shimmering blue altar of Sif Muna.
  7905 | D:7      | Reached skill level 5 in Stealth
  9519 | D:8      | Reached skill level 5 in Spellcasting
  9581 | D:8      | Found a bloodstained altar of Trog.
  9581 | D:8      | Noticed a cyan ugly thing
  9628 | D:8      | Killed a cyan ugly thing
  9629 | D:8      | Reached XP level 10. HP: 43/60 MP: 5/18
  9773 | D:8      | Noticed a two-headed ogre
  9781 | D:8      | Killed a two-headed ogre
  9914 | D:9      | Found Ucarour's Weapon Emporium.
 10018 | D:9      | Reached skill level 10 in Earth Magic
 10091 | D:9      | Learned a level 5 spell: Irradiate
 10194 | D:9      | Reached skill level 1 in Conjurations
 10318 | D:9      | Found a staircase to the Lair.
 10839 | D:10     | Entered Level 10 of the Dungeon
 11645 | D:10     | Reached skill level 5 in Conjurations
 11667 | D:10     | Found a hide-covered altar of Uskayaw.
 11667 | D:10     | Found a shadowy altar of Dithmenos.
 11693 | D:10     | Found a staircase to the Orcish Mines.
 11796 | D:10     | Reached XP level 11. HP: 64/64 MP: 2/20
 12164 | D:11     | Noticed a manticore
 12171 | D:11     | Killed a manticore
 12404 | D:11     | Noticed Erolcha
 12412 | D:11     | Noticed Snorg
 12531 | Lair:1   | Entered Level 1 of the Lair of Beasts
 12539 | Lair:1   | Noticed a four-headed hydra
 12703 | Lair:1   | Reached skill level 10 in Transmutations
 13280 | Lair:2   | Identified the +0 robe of the Sun {Str+4 Int+4 Dex+3 SInv}
 13658 | Lair:2   | Learned a level 2 spell: Sublimation of Blood
 13910 | Lair:2   | Reached skill level 1 in Necromancy
 14468 | Lair:3   | Noticed a death yak
 14672 | Lair:3   | Reached XP level 12. HP: 70/70 MP: 13/21
 15053 | Lair:3   | Found a staircase to the Swamp.
 15167 | Lair:3   | Noticed a death yak
 15167 | Lair:3   | Noticed a death yak
 15188 | Lair:3   | Killed a death yak
 15205 | Lair:2   | Killed a death yak
 15315 | Lair:3   | Killed a death yak
 15411 | Lair:3   | Found a runed translucent gate.
 15412 | Lair:3   | Found a runed translucent gate.
 15413 | Lair:3   | Found a runed translucent gate.
 15443 | Lair:3   | Noticed Vack's ghost (journeyman NaFi)
 15443 | Lair:3   | Noticed Ginau's ghost (journeyman TrGl)
 15538 | Lair:3   | You fall into a shaft and drop 3 floors!
 15538 | Lair:6   | Entered Level 6 of the Lair of Beasts
 15539 | Lair:6   | Identified a scroll of acquirement
 15541 | Lair:6   | Noticed an eight-headed hydra
 15570 | Lair:6   | Noticed a thrashing horror
 15571 | Lair:6   | Found a corrupted altar of Lugonu.
 15571 | Lair:6   | Found a one-way gate to the infinite horrors of the Abyss.
 15571 | Lair:6   | Noticed a thrashing horror
 15571 | Lair:6   | Noticed a thrashing horror
 15571 | Lair:6   | Noticed a thrashing horror
 15680 | Lair:6   | Noticed a boulder beetle
 15703 | Lair:6   | Killed a boulder beetle
 15742 | Lair:5   | Noticed an eight-headed hydra
 15810 | Lair:5   | Noticed Rupert
 15810 | Lair:5   | Noticed a four-headed hydra
 15969 | Lair:5   | Found a frozen archway.
 15986 | Lair:5   | Acquired the +3 crown of Dyrovepreva {rElec Int+2 SInv}
 15986 | Lair:5   | Found the +3 crown of Dyrovepreva {rElec Int+2 SInv}
 16066 | IceCv    | Entered an ice cave
 16138 | IceCv    | Found a transporter.
 16166 | IceCv    | Found a transporter.
 16177 | IceCv    | Reached XP level 13. HP: 58/74 MP: 12/23
 16193 | IceCv    | Got the Catalogue of Glacial Transmigration
 16356 | Lair:5   | Learned a level 7 spell: Storm Form
 16377 | Lair:5   | Reached skill level 1 in Air Magic
 16380 | Lair:5   | Reached skill level 2 in Air Magic
 16488 | Lair:5   | Reached skill level 3 in Air Magic
 16688 | Lair:5   | Killed Rupert
 16689 | Lair:5   | Reached skill level 4 in Air Magic
 16764 | Lair:5   | Reached skill level 5 in Air Magic
 17430 | Lair:4   | Found a hole to the Spider Nest.
 17448 | Lair:4   | Reached skill level 6 in Air Magic
 18671 | Lair:4   | Reached skill level 7 in Air Magic
 18913 | Lair:4   | Noticed Kirke
 18930 | Lair:4   | Noticed a sphinx
 19224 | Lair:4   | Killed Kirke
 19460 | Lair:6   | Found a staircase to the Slime Pits.
 19475 | Lair:6   | Reached skill level 8 in Air Magic
 19693 | Lair:6   | Reached XP level 14. HP: 81/81 MP: 19/26
 20818 | Lair:6   | Reached skill level 9 in Air Magic
 21339 | Lair:6   | Identified the +2 pair of gloves of Hadjma {*Slow rN+
                  | Int+3}
 21750 | Orc:1    | Entered Level 1 of the Orcish Mines
 22270 | Orc:2    | Entered Level 2 of the Orcish Mines
 22599 | Orc:2    | Found Ruityett's Magic Scroll Shop.
 22627 | Orc:2    | Found Ushuy's Antique Armour Boutique.
 22714 | Orc:2    | Reached skill level 10 in Air Magic
 22996 | Orc:2    | Reached skill level 10 in Spellcasting
 23229 | Orc:2    | Cast into level 1 of the Abyss (orc)
 23229 | Abyss:1  | Found a corrupted altar of Lugonu.
 23357 | Abyss:1  | Noticed a bone dragon
 23357 | Abyss:1  | Noticed a starcursed mass
 23379 | Abyss:1  | Noticed a reaper
 23385 | Abyss:1  | Noticed a starcursed mass
 23617 | Abyss:1  | Noticed a green draconian
 23626 | Abyss:1  | Killed a green draconian
 23641 | Orc:2    | Escaped the Abyss
 23747 | Orc:2    | Found a staircase to the Elven Halls.
 24278 | Orc:2    | Reached skill level 11 in Air Magic
 24442 | Orc:2    | Noticed an orc warlord
 24455 | Orc:2    | Killed an orc warlord
 24457 | Orc:2    | Reached XP level 15. HP: 85/85 MP: 15/29
 24606 | Orc:2    | Found Hif Ollu's Distillery.
 24684 | Orc:2    | Bought a potion of magic for 80 gold pieces
 24684 | Orc:2    | Bought a potion of curing for 30 gold pieces
 24684 | Orc:2    | Bought a potion of heal wounds for 50 gold pieces
 24684 | Orc:2    | Bought a potion of ambrosia for 80 gold pieces
 24684 | Orc:2    | Bought a potion of mutation for 80 gold pieces
 24733 | Orc:2    | Found Abyoph's General Store.
 24754 | Orc:2    | Bought a potion of curing for 45 gold pieces
 24754 | Orc:2    | Bought a scroll of teleportation for 45 gold pieces
 24852 | Orc:2    | Reached skill level 12 in Air Magic
 25021 | Orc:2    | Bought a scroll of acquirement for 728 gold pieces
 25021 | Orc:2    | Bought a scroll of identify for 28 gold pieces
 25021 | Orc:2    | Bought 3 scrolls of identify for 84 gold pieces
 25021 | Orc:2    | Bought a scroll of identify for 28 gold pieces
 25021 | Orc:2    | Bought a scroll of identify for 28 gold pieces
 25021 | Orc:2    | Bought 2 scrolls of identify for 56 gold pieces
 25021 | Orc:2    | Bought a scroll of identify for 28 gold pieces
 25645 | D:11     | Bought a potion of invisibility for 224 gold pieces
 25997 | D:12     | Reached skill level 13 in Air Magic
 26031 | D:12     | Found Zuckigh's Assorted Antiques.
 26039 | D:12     | Bought a potion of curing for 78 gold pieces
 26252 | D:12     | Noticed Sonja
 26263 | D:12     | Killed Sonja
 26357 | D:12     | Identified the +2 falchion "Xoirohog" {flame, Drain +Blink
                  | rN+ Int+4}
 26438 | D:12     | Found Tirch's Serpentskin Sales.
 26457 | D:12     | Bought a ring of poison resistance for 260 gold pieces
 26695 | D:13     | Reached skill level 14 in Air Magic
 26715 | D:13     | Reached skill level 1 in Unarmed Combat
 27331 | D:13     | Found a gate to the Vaults.
 27755 | D:14     | Reached skill level 10 in Stealth
 27758 | D:14     | Reached XP level 16. HP: 67/90 MP: 18/30
 28297 | D:14     | Reached skill level 5 in Unarmed Combat
 28743 | D:15     | Entered Level 15 of the Dungeon
 28817 | D:15     | Noticed Josephine
 28825 | D:15     | Killed Josephine
 29003 | D:15     | Found a sparkling altar of Nemelex Xobeh.
 29041 | D:15     | Found a staircase to the Depths.
 29408 | D:15     | Reached skill level 15 in Air Magic
 29713 | D:15     | Acquired 969 gold pieces
 29792 | D:15     | Bought the ring "Itimufoth" {Fly Will+++ MP+9 Str-5 Int+6}
                  | for 872 gold pieces
 29792 | D:15     | Bought the ring "Weman" {EV+4 Str+7} for 577 gold pieces
 29792 | D:15     | Bought the ring "Yffudghigh" {Str-2 Int+9 Dex+6} for 802
                  | gold pieces
 30103 | Temple   | Fell from the grace of Gozag
 30103 | Temple   | Became a worshipper of Makhleb the Destroyer
 30320 | Lair:3   | Killed Vack's ghost
 30350 | Swamp:1  | Entered Level 1 of the Swamp
 30966 | Swamp:1  | Noticed Frances
 30977 | Swamp:1  | Killed Frances
 31699 | Swamp:2  | Reached * piety under Makhleb
 31768 | Swamp:2  | Reached XP level 17. HP: 94/96 MP: 14/33
 31952 | Swamp:2  | Identified the ring of Ezuufagu {Fire +Blink Dex+6 Stlth-}
 32007 | Swamp:2  | Noticed a tentacled monstrosity
 32016 | Swamp:2  | Killed a tentacled monstrosity
 32580 | Swamp:2  | Reached ** piety under Makhleb
 32589 | Swamp:2  | Identified the +4 scale mail of Vischatamo {Str+4}
 33583 | Swamp:4  | Entered Level 4 of the Swamp
 33666 | Swamp:4  | Reached skill level 5 in Fighting
 33812 | Swamp:4  | Reached skill level 16 in Air Magic
 33941 | Swamp:4  | Reached *** piety under Makhleb
 34273 | Swamp:4  | Noticed a tentacled monstrosity
 34286 | Swamp:4  | Killed a tentacled monstrosity
 34402 | Swamp:4  | Reached skill level 10 in Unarmed Combat
 34402 | Swamp:4  | Reached skill level 10 in Conjurations
 34409 | Swamp:4  | Reached XP level 18. HP: 104/110 MP: 32/34
 34414 | Swamp:4  | Reached skill level 5 in Dodging
 34414 | Swamp:4  | Reached **** piety under Makhleb
 34448 | Swamp:4  | Got a decaying rune of Zot
 34940 | Spider:1 | Entered Level 1 of the Spider Nest
 34940 | Spider:1 | Noticed Azrael
 34944 | Spider:1 | Killed Azrael
 34996 | Spider:1 | Identified the +2 morningstar of Visuw {vorpal, *Rage rElec
                  | rPois Dex-4}
 35172 | Spider:1 | Reached ***** piety under Makhleb
 35298 | Spider:1 | Noticed Jorgrun
 35301 | Spider:1 | Killed Jorgrun
 35339 | Spider:1 | Noticed Nikola
 35346 | Spider:1 | Killed from afar by Nikola

Illustrated notes

Levels and vault maps discovered:
D:1:      lemuel_arrival_muddy, layout_rooms, st_stairs_2, minmay_misc_feat_five
D:2:      layout_loops_cross, serial_rivers, chequers_serial_rivers_small_3,
          chequers_serial_rivers_room_a, chequers_serial_rivers_small_3,
          chequers_serial_rivers_micro_b, chequers_serial_rivers_micro_a,
          serial_shops, nicolae_shop_competitors_out_of_business
D:3:      layout_loops_ring, lemuel_tele_altar,
          mainiacjoe_overflow_large_starburst, elyvilon_altar_3,
          lemuel_zombie_altar_yredelemnul,
          shapermc_ecumenical_altar_mp_urbaneastern, uniq_crazy_yiuf_cottage,
          uniq_terence, uniq_sigmund, uniq_grinder
D:4:      layout_layer_cave, gammafunk_ghost_mausoleum
D:5:      layout_loops_corners, mainiacjoe_overflow_brackets, minivault_23
D:6:      layout_rooms, hangedman_ru_absence,
          minmay_temple_entry_statues_pillars, minmay_manual_mullet
D:7:      layout_loops_ring, mainiacjoe_overflow_concentric_impassable,
          nrook_loot_triangle
D:8:      layout_loops_ring, lightli_temple_of_fire
D:9:      layout_irregular_city, lair_entry_dummy, serial_shops,
          nicolae_stop_n_shop_2
D:10:     layout_loops_ring, gammafunk_temple_overflow_wave, david_orc_5
D:11:     layout_big_octagon, nicolae_qazlal_style_of_elements, uniq_erolcha,
          uniq_snorg
D:12:     layout_small_grid, serial_shops, nicolae_diamond_shop, st_stairs_1,
          guppyfry_shop_venom, uniq_sonja
D:13:     kennysheep_room_grid, layout_cave_pools,
          lightli_vaults_fourway_checkpoint
D:14:     layout_roguey, amcnicky_mini_rare_corridor_liquid
D:15:     grunt_enter_depths_snipers, layout_rooms,
          nemelex_xobeh_ov_fountains_minmay, grunt_ministairs_3,
          einodemon_barbed_minivault, uniq_josephine
Temple:   pf_slime_end_temple
Lair:1:   layout_regular_city, nicolae_volcano_entry_batcave,
          infiniplex_staircase_pool_2
Lair:2:   layout_gridlike, kennysheep_rathole, infiniplex_staircase_pool,
          grunt_megastairs_5
Lair:3:   layout_loops_ring, swamp_mist, gammafunk_ghost_cemetery
Lair:4:   layout_concentric_octagons, spider_nest_entry_a, serial_bayou_shore_b,
          uniq_kirke
Lair:5:   layout_cave_pods, portal_ice_cave_demonic_guard,
          chequers_serial_rivers_micro_b, uniq_rupert
Lair:6:   hellmonk_lair_end_abyssal_woods, layout_misc_corridors, slime_dummy
Swamp:1:  layout_basic_swamp, evilmike_swamp_ruin_rubble_1, uniq_frances
Swamp:2:  nzn_winding_woodlands_cross [nzn_winding_woodlands_5x15_cabin,
          nzn_winding_woodlands_5x15_lazy_stream,
          nzn_winding_woodlands_5x15_pockets,
          nzn_winding_woodlands_5x15_river_crossing,
          nzn_winding_woodlands_15x15_five_gardens], layout_basic_swamp,
          evilmike_swamp_ruin_house_5, swamp_pool5,
          nicolae_swamp_bloodsuckers_inc
Swamp:3:  layout_basic_swamp, nicolae_swamp_feature_on_the_river_bank
Swamp:4:  swamp_vile, layout_basic_swamp, nicolae_swamp_no_escape
Spider:1: layout_spider_delve, nicolae_spider_nooks_and_crannies,
          hangedman_spider_tarantella_strand, uniq_nikola, uniq_mlioglotl,
          uniq_azrael, uniq_jorgrun
Orc:1:    layout_caves
Orc:2:    pubby_orc_utopia, serial_shops

Skill      XL: |  1  2  3  4  5  6  7  8  9 10 11 12 13 14 15 16 17 18 |
---------------+-------------------------------------------------------+-----
Stealth        | 3 4 6 8 10 | 10.0
Fighting       | 1 2 6 |  6.0
Short Blades   | 1 2 3 4 |  4.0
Earth Magic    | 4 5 6 8 9 10 12 | 12.0
Transmutations | 3 4 5 6 8 10 12 13 14 | 14.0
Spellcasting   | 4 5 6 7 8 10 12 | 12.0
Conjurations   | 5 8 10 | 10.0
Necromancy     | 1 4 |  4.0
Air Magic      | 8 11 14 15 16 | 16.0
Unarmed Combat | 4 8 10 11 | 11.0
Dodging        | 4 8 |  8.0

Action                   |  1- 3 |  4- 6 |  7- 9 | 10-12 | 13-15 | 16-18 || total
-------------------------+-------+-------+-------+-------+-------+-------++-------
Melee: Unarmed           |     5 |       |       |       |   200 |   472 ||   677
       Tentacles         |    12 |    13 |    22 |    48 |   103 |    44 ||   242
       Constrict         |    15 |    15 |    23 |    36 |    60 |    16 ||   165
       Short sword       |    70 |    14 |       |       |       |       ||    84
       Rapier            |       |    39 |    16 |       |       |       ||    55
       Dagger            |       |     2 |    88 |   182 |   354 |   118 ||   744
       Punch             |       |       |     4 |     2 |    16 |    50 ||    72
Throw: Stone             |       |     6 |     1 |     7 |       |       ||    14
       Dart              |       |       |       |       |    37 |     3 ||    40
 Cast: Sandblast         |    12 |    46 |    58 |   146 |   169 |     3 ||   434
       Passwall          |       |     4 |    15 |     8 |    15 |     3 ||    45
       Petrify           |       |       |    17 |    67 |   142 |    71 ||   297
       Irradiate         |       |       |       |    19 |    82 |    57 ||   158
       Sublimation of Bl |       |       |       |    12 |    69 |    15 ||    96
       Storm Form        |       |       |       |       |    18 |    37 ||    55
Invok: Call Merchant     |       |       |       |     1 |       |     3 ||     4
 Abil: Blinkbolt         |       |       |       |       |    19 |    34 ||    53
       End Transformatio |       |       |       |       |     3 |    11 ||    14
Evoke: Lightning rod     |       |       |       |     4 |     7 |       ||    11
       Wand              |       |       |       |    12 |    10 |     2 ||    24
       Condenser vane    |       |       |       |       |     2 |       ||     2
       Box of beasts     |       |       |       |       |     1 |       ||     1
  Use: Potion            |       |     1 |       |     4 |     1 |     1 ||     7
       Scroll            |       |       |    11 |    17 |    14 |     4 ||    46
 Stab: Sleeping          |     6 |     6 |    19 |    15 |    22 |    10 ||    78
       Petrified         |       |       |    24 |    82 |   187 |   109 ||   402
       Petrifying        |       |       |       |     3 |       |     1 ||     4
       Distracted        |       |       |       |     1 |     3 |     1 ||     5
       Confused          |       |       |       |       |     2 |       ||     2
Armor: Skin              |     1 |     4 |     3 |    20 |   173 |   202 ||   403
Dodge: Dodged            |    49 |    41 |    55 |   112 |   530 |   768 ||  1555
Block: Buckler           |       |       |       |       |       |    11 ||    11
